 Dungeon Crawl Stone Soup version 0.29-a0-360-g8ed1089bbe (webtiles) character file.

Game seed: 2221326923474150279

105571 dolemite99 the Cleaver (level 16, -10/116 (122) HPs)
             Began as a Hill Orc Fighter on Apr 29, 2022.
             Was the Champion of Ru.
             Killed from afar by Roxanne (22 damage)
             ... with a bolt of magma
             ... on level 1 of the Shoals.
             The game lasted 00:46:22 (45139 turns).

dolemite99 the Cleaver (Hill Orc Fighter)          Turns: 45139, Time: 00:46:23

HP:   -10/116 (122) AC: 25    Str: 31    XL:     16   Next: 41%
MP:   16/16         EV:  7    Int:  8    God:    Ru [******]
Gold: 836           SH: 17    Dex: 12    Spells: 15/15 levels left

rFire   . . .      SeeInvis .   a - +4 broad axe (venom)
rCold   . . .      Faith    .   h - +0 kite shield
rNeg    . . .      Spirit   .   M - +0 plate armour
rPois   +          Reflect  +   w - +1 helmet
rElec   .          Harm     .   N - +2 cloak
rCorr   .          Rampage  .   C - +1 pair of gloves
Will    +....                   S - +1 pair of boots {Stlth+}
Stlth   ..........              u - amulet of reflection
HPRegen 0.00/turn               y - ring of poison resistance
MPRegen 0.15/turn               z - +6 ring of strength {=R}

@: exhausted, inhibited regen, lightly drained
A: frail 1, inhibited regeneration, no stealth, inability to train dodging, no
earth magic, no translocations magic, no transmutations magic, unskilled 1
a: Renounce Religion, Draw Out Power, Power Leap, Apocalypse


You were on level 1 of the Shoals.
You worshipped Ru.
Ru was exalted by your worship.
You visited 4 branches of the dungeon, and saw 24 of its levels.
You visited the Abyss 1 time.

You collected 2805 gold pieces.
You spent 1969 gold pieces at shops.

Inventory:

Hand Weapons
 a - a +4 broad axe of venom (weapon)
 b - a +9 flail
 t - a +0 broad axe of protection
Missiles
 c - 5 javelins
 g - a throwing net (quivered)
 j - 55 poisoned darts
 E - 3 silver boomerangs
 G - 22 boomerangs
Armour
 h - a +0 kite shield (worn)
 w - a +1 helmet (worn)
 C - a +1 pair of gloves (worn)
 M - a +0 plate armour (worn)
 N - a +2 cloak (worn)
 S - a +1 pair of boots of stealth (worn)
Jewellery
 u - an amulet of reflection (around neck)
 y - a ring of poison resistance (left hand)
 z - a +6 ring of strength (right hand) {=R}
 A - a ring of fire
 B - a ring of protection from cold
 O - a ring of see invisible
 W - a ring of resist corrosion
Wands
 D - a wand of digging (5)
 L - a wand of paralysis (20)
 T - a wand of iceblast (10)
 Y - a wand of polymorph (4)
Scrolls
 f - 11 scrolls of teleportation
 k - 6 scrolls of identify {@r1}
 R - a scroll of silence
 V - 5 scrolls of magic mapping
 Z - 2 scrolls of fog
Potions
 d - 2 potions of might
 l - 3 potions of brilliance
 m - 2 potions of attraction
 o - 2 potions of haste
 p - 2 potions of mutation
 s - 2 potions of ambrosia
 x - a potion of cancellation
 P - 3 potions of magic
 Q - 4 potions of flight
Miscellaneous
 e - a box of beasts (inert)
 i - a lightning rod (4/4)
 v - a piece from Xom's chessboard (15/15)
 U - a phantom mirror (inert)


   Skills:
 - Level 10.9 Fighting
 - Level 14.7(17.8) Axes
 - Level 13.3(15.3) Maces & Flails
 - Level 3.8(9.0) Polearms
 + Level 7.4 Throwing
 - Level 10.0 Armour
 - Level 12.9 Shields
 - Level 10.0 Evocations


You had 15 spell levels left.
You didn't know any spells.
Your spell library contained the following spells:

 Spells                   Type           Power      Damage    Failure   Level
 Magic Dart               Conj           0%         1d3       99%         1
 Shock                    Conj/Air       0%         1d3       99%         1
 Summon Small Mammal      Summ           0%         N/A       99%         1
 Call Imp                 Summ           0%         N/A       100%        2
 Call Canine Familiar     Summ           0%         N/A       100%        3
 Dazzling Flash           Conj/Hex       0%         N/A       100%        3
 Mephitic Cloud           Conj/Pois/Air  0%         N/A       100%        3
 Ozocubu's Armour         Ice            0%         N/A       100%        3
 Summon Guardian Golem    Hex/Summ       0%         N/A       100%        3
 Swiftness                Air            0%         N/A       100%        3
 Airstrike                Air            0%         N/A       100%        4
 Starburst                Conj/Fire      0%         6d3       100%        6
 Ozocubu's Refrigeration  Ice            0%         4d5       100%        7
 Animate Armour           Summ/Erth      Unusable   N/A       N/A         4
 Iskenderun's Mystic Bla  Conj/Tloc      Unusable   2d3       N/A         4
 Blade Hands              Tmut           Unusable   N/A       N/A         5
 Iron Shot                Conj/Erth      Unusable   9d1       N/A         6

Dungeon Overview and Level Annotations

Branches:
Dungeon (15/15)            Temple (0/1) D:7            Lair (6/6) D:9
 Shoals (1/4) Lair:4       Spider (0/4) Lair:3        Slime (0/5) Lair:6
    Orc (2/2) D:10            Elf (0/3) Orc:2        Vaults (0/5) D:14
 Depths (0/4) D:15

Altars:
Cheibriados
Dithmenos
Elyvilon
Fedhas
Hepliaklqana
Makhleb
Okawaru
Qazlal
Ru
Sif Muna
Trog
Uskayaw
Vehumet
Wu Jian
Xom
Beogh
Jiyva

Shops:
D:8 *   D:14 (   D:15 *   Orc:1 !   Orc:2 ***:

Portals:
Trove: D:14 (give 12 potions of heal wounds)

Annotations:
D:15 1 runed translucent door, freelancePsychic's ghost, journeyman DsTm
Shoals:1 Roxanne


Innate Abilities, Weirdness & Mutations

You are frail. (-10% HP)
You do not regenerate when monsters are visible.
You cannot be stealthy.
You cannot train Dodging skill.
You cannot study or cast Earth magic.
You cannot study or cast Translocations magic.
You cannot study or cast Transmutations magic.
You are somewhat unskilled. (-1 Apt)


Message History

You block the snapping turtle's attack.
You slash Roxanne!
Roxanne is severely damaged.
You block the snapping turtle's attack.
You redirect Roxanne's attack!
You slash Roxanne!
Roxanne is severely damaged.
You hit Roxanne but do no damage.
Roxanne is severely damaged.
Roxanne asks, "Say, could you scratch my back for me?"
The snapping turtle barely misses you.
You slash Roxanne!
Roxanne is severely damaged.
Roxanne casts a spell.
The crystal spear hits you!!!
* * * LOW HITPOINT WARNING * * *
The snapping turtle bites you but does no damage.
You hit Roxanne but do no damage.
Roxanne is severely damaged.
Roxanne begins to cast a spell, but is stunned by your conviction!
You block the snapping turtle's attack.
You are restored by drawing out deep reserves of power within.
You feel drained. You block the snapping turtle's attack.
Roxanne mumbles some strange words.
You blink.
Splash!
You fall into the shallow water.
Moving in this stuff is going to be slow.
Why would you want to do that?
The snapping turtle bites you from afar!
The snapping turtle bites you but does no damage.
Roxanne mumbles some strange words.
The bolt of magma hits you. You block the snapping turtle's attack.
Roxanne casts a spell.
The iron shot hits you!!
* * * LOW HITPOINT WARNING * * *
The snapping turtle is stunned by your conviction and fails to attack.
Roxanne mumbles some strange words.
The bolt of magma hits you!!
You die...

≈≈≈≈≈≈≈≈≈≈≈≈≈≈≈≈≈≈≈≈≈≈≈≈≈≈≈≈.≈≈≈≈
≈≈≈≈≈≈≈≈≈≈≈≈≈≈≈≈≈≈≈≈≈≈≈≈≈≈≈...≈
≈≈≈≈≈.≈≈≈≈[≈≈≈≈≈≈≈≈≈≈≈≈≈≈≈##..
≈..≈≈≈≈≈≈≈≈≈≈≈≈≈≈≈≈≈≈≈≈# #.
≈≈≈≈≈≈≈≈≈≈≈≈≈≈≈≈≈≈≈≈≈≈
≈≈.≈≈≈≈≈≈≈≈≈§≈≈....≈≈
≈.≈≈≈≈≈≈≈≈≈......#.
≈≈≈≈≈≈≈≈≈≈.t.....#
≈≈≈≈≈≈≈≈≈..@(....#
≈≈≈≈≈≈.8.......# ≈≈≈≈≈..........#
≈≈≈≈...........# ≈≈≈≈...........#
≈≈≈≈...........# ≈≈≈≈....≈≈...###
≈≈≈≈≈≈≈≈≈≈≈≈≈. ≈≈≈≈≈≈≈≈≈≈≈≈≈≈


You could see Roxanne and a snapping turtle.

Vanquished Creatures
  Rupert (D:14)
  A tentacled starspawn (Abyss:2)
  A cacodemon (Abyss:2)
  Aizul (Shoals:1)
  3 very ugly things (Abyss:2)
  Nessos (D:14)
  A fire dragon (Lair:6)
  13 hydras
  3 boulder beetles
  A merfolk aquamancer (Shoals:1)
  A catoblepas (D:14)
  3 centaur warriors
  13 death yaks
  4 two-headed ogres
  Urug (D:14)
  4 orc high priests (Orc:2)
  A thrashing horror (Abyss:2)
  Nergalle (Orc:1)
  A hell knight (Abyss:2)
  8 skeletal warriors
  5 sea snakes (Shoals:1)
  A wizard (D:15)
  A deep elf zephyrmancer (D:15)
  A lindwurm (Lair:6)
  5 deep elf pyromancers
  A wolf spider (Lair:3)
  A necromancer (D:15)
  2 orc knights
  10 ugly things
  2 harpies (Shoals:1)
  2 fauns (Shoals:1)
  3 orc sorcerers
  7 manticores
  2 cyclopes
  13 elephants
  A naga mage (D:15)
  A centaur zombie (D:15)
  3 black mambas
  An ice statue (Lair:5)
  2 water nymphs (Shoals:1)
  A merfolk siren (Shoals:1)
  2 smoke demons (Abyss:2)
  An apocalypse crab (Shoals:1)
  4 unseen horrors
  7 torpor snails
  Psyche (D:10)
  14 cane toads
  A gargoyle (D:10)
  A centaur skeleton (D:15)
  6 rime drakes
  7 komodo dragons
  A kobold demonologist (D:12)
  A freezing wraith (D:14)
  2 ice devils (Lair:5)
  A tengu conjurer (D:15)
  3 meliai (D:15)
  8 trolls
  A merfolk (Shoals:1)
  A wind drake (Shoals:1)
  5 polar bears
  6 hornets (Lair:6)
  4 raiju (Abyss:2)
  4 tyrant leeches (Lair:6)
  10 slime creatures
  8 blink frogs
  3 large abominations (Abyss:2)
  4 dream sheep (Lair:4)
  A centaur simulacrum (D:15)
  A shadow (D:10)
  Sigmund (D:3)
  8 wyverns
  2 water elementals (Shoals:1)
  A vampire (D:12)
  34 yaks
  4 wraiths (D:12)
  10 basilisks
  16 humans (D:14)
  A steam dragon (D:8)
  9 vampire mosquitoes (D:11)
  2 small abominations (Abyss:2)
  A warg (Orc:1)
  A death yak simulacrum (Lair:5)
  Edmund (D:4)
  2 floating eyes (D:12)
  11 water moccasins
  A floating eye (shapeshifter) (D:15)
  27 orc warriors
  A sky beast (D:7)
  2 ice beasts
  10 ogres
  11 centaurs
  14 wolves
  2 phantoms
  8 bullfrogs
  3 kobold brigands
  3 scorpions
  2 cane toad simulacra (Lair:5)
  A gnoll sergeant (D:12)
  5 wights (D:8)
  4 electric eels
  9 howler monkeys
  5 lava snakes (Lair:2)
  8 starcursed masses (Abyss:2)
  34 orc priests
  2 hounds (D:4)
  4 gnoll shamans (D:12)
  An iron imp (Abyss:2)
  Ijyb (D:3)
  Terence (D:3)
  8 hell rats (D:14)
  An iguana (D:4)
  Natasha (thrice) (D:4)
  35 orc wizards
  A spriggan simulacrum (Lair:5)
  A wolf simulacrum (Lair:5)
  Robin (D:3)
  10 gnolls
  5 adders
  A white imp (Lair:5)
  3 ufetubi
  A worm (D:2)
  A dart slug (D:1)
  90 orcs
  10 ball pythons
  9 endoplasms
  4 giant cockroaches
  14 goblins
  8 hobgoblins
  3 quokkas
  4 bats
  2 frilled lizards
  15 kobolds
  9 rats
738 creatures vanquished.

Vanquished Creatures (collateral kills)
  Erolcha (D:13)
  A harpy (Shoals:1)
  An apocalypse crab (Shoals:1)
  A merfolk (Shoals:1)
  A water elemental (Shoals:1)
  A necrophage (D:7)
6 creatures vanquished.

Vanquished Creatures (others)
  A hydra (D:14)
  A harpy (Shoals:1)
  An ugly thing (D:12)
  A wizard (D:5)
  A cane toad (Lair:6)
  A komodo dragon (Lair:1)
  A bullfrog (Lair:4)
  2 orc wizards
  An orc (Orc:1)
  75 fungi
  212 plants
  10 starspawn tentacles (Abyss:2)
307 creatures vanquished.

Grand Total: 1051 creatures vanquished

Notes
Turn   | Place    | Note
-------+----------+-------------------------------------------
     0 | D:1      | dolemite99 the Hill Orc Fighter began the quest for the
                  | Orb.
     0 | D:1      | Reached XP level 1. HP: 19/19 MP: 1/1
    55 | D:1      | Reached skill level 1 in Polearms
   158 | D:1      | Reached XP level 2. HP: 26/26 MP: 2/2
   494 | D:1      | Reached XP level 3. HP: 31/31 MP: 3/3
   886 | D:2      | Identified the +1 ring mail "Feshetou" {Rampage rPois}
   920 | D:2      | Identified the amulet "Tuyfra Saro" {Acrobat *Slow Str+8
                  | Stlth+}
  1627 | D:2      | Found a faded altar of an unknown god.
  1669 | D:2      | Prayed at the altar of an unknown god.
  1669 | D:2      | Became a worshipper of Ru the Awakened
  1684 | D:2      | Gained mutation: You do not regenerate when monsters are
                  | visible. [Ru sacrifice]
  1780 | D:3      | Noticed Terence
  1792 | D:3      | Killed Terence
  1793 | D:3      | Reached XP level 4. HP: 30/37 MP: 4/4
  1889 | D:3      | Noticed Ijyb
  1910 | D:3      | Killed Ijyb
  1911 | D:3      | Reached skill level 3 in Axes
  2600 | D:3      | Noticed Sigmund
  2614 | D:3      | Killed Sigmund
  2615 | D:3      | Reached skill level 6 in Axes
  2615 | D:3      | Reached XP level 5. HP: 39/45 MP: 5/5
  2615 | D:3      | Reached XP level 6. HP: 45/51 MP: 6/6
  2762 | D:3      | Noticed Robin
  3070 | D:3      | Killed Robin
  3436 | D:4      | Reached skill level 7 in Axes
  3564 | D:4      | Noticed Edmund
  3564 | D:4      | Noticed Natasha
  3574 | D:4      | Killed Natasha
  3578 | D:4      | Killed Edmund
  3579 | D:4      | Reached skill level 8 in Axes
  3579 | D:4      | Reached XP level 7. HP: 36/57 MP: 7/7
  3586 | D:4      | Noticed Natasha
  3595 | D:4      | Killed Natasha
  3596 | D:4      | Reached skill level 1 in Maces & Flails
  3612 | D:4      | Noticed Natasha
  3625 | D:4      | Killed Natasha
  3929 | D:4      | Found a hazy altar of Hepliaklqana.
  3930 | D:4      | Found a faded altar of an unknown god.
  4103 | D:4      | Found a shimmering altar of Xom.
  4911 | D:5      | Entered Level 5 of the Dungeon
  4922 | D:5      | Gained mutation: You cannot study or cast Earth magic. [Ru
                  | sacrifice]
  4922 | D:5      | Gained mutation: You cannot study or cast Transmutations
                  | magic. [Ru sacrifice]
  4922 | D:5      | Gained mutation: You cannot study or cast Translocations
                  | magic. [Ru sacrifice]
  4922 | D:5      | Reached * piety under Ru
  5108 | D:5      | Found a white marble altar of Elyvilon.
  5121 | D:5      | Reached XP level 8. HP: 54/64 MP: 8/8
  5142 | D:5      | Reached skill level 5 in Maces & Flails
  5224 | D:5      | Noticed a troll
  5235 | D:5      | Killed a troll
  6075 | D:5      | Found a blossoming altar of Fedhas.
  6204 | D:5      | Found a bloodstained altar of Trog.
  6205 | D:5      | Noticed a wizard
  6210 | D:5      | Killed a wizard
  6675 | D:6      | Reached XP level 9. HP: 39/70 MP: 9/9
  7150 | D:6      | Found an ornate altar of the Wu Jian Council.
  7195 | D:6      | Found a stormy altar of Qazlal.
  7786 | D:7      | Found a staircase to the Ecumenical Temple.
  7801 | D:7      | Gained mutation: You are somewhat unskilled. (-1 Apt) [Ru
                  | sacrifice]
  7801 | D:7      | Reduced skill Axes to level 7
  7801 | D:7      | Reached ** piety under Ru
  7801 | D:7      | Reached *** piety under Ru
  8311 | D:7      | Found a shadowy altar of Dithmenos.
  8446 | D:7      | Reached skill level 10 in Maces & Flails
 10125 | D:8      | Found Hucverico's Assorted Antiques.
 10600 | D:8      | Bought a scroll of teleportation for 72 gold pieces
 10600 | D:8      | Bought a scroll of teleportation for 72 gold pieces
 10600 | D:8      | Bought a potion of might for 96 gold pieces
 10600 | D:8      | Bought a grey potion for 21 gold pieces
 10918 | D:8      | Reached XP level 10. HP: 76/77 MP: 10/10
 10950 | D:8      | Gained mutation: You cannot train Dodging skill. [Ru
                  | sacrifice]
 10950 | D:8      | Reached **** piety under Ru
 11118 | D:8      | Noticed a centaur warrior
 11128 | D:8      | Killed a centaur warrior
 11661 | D:8      | Found a hide-covered altar of Uskayaw.
 11861 | D:9      | Found a burning altar of Makhleb.
 12505 | D:9      | Found a staircase to the Lair.
 13628 | D:9      | Found a snail-covered altar of Cheibriados.
 13888 | D:9      | Found an iron altar of Okawaru.
 14029 | D:10     | Entered Level 10 of the Dungeon
 14066 | D:10     | Noticed Psyche
 14089 | D:10     | Killed Psyche
 14574 | D:10     | Noticed a gargoyle
 14594 | D:10     | Killed a gargoyle
 14597 | D:10     | Found a staircase to the Orcish Mines.
 14612 | D:10     | Reached skill level 5 in Fighting
 15039 | D:11     | Reached XP level 11. HP: 52/88 MP: 11/11
 15041 | D:11     | Reached skill level 5 in Armour
 15438 | D:11     | Noticed an eight-headed hydra
 15487 | D:11     | Noticed a manticore
 15492 | D:11     | Killed an eight-headed hydra
 15498 | D:11     | Killed a manticore
 15863 | D:11     | Gained mutation: You cannot be stealthy. [Ru sacrifice]
 15863 | D:11     | Reached ***** piety under Ru
 15935 | D:11     | Noticed a manticore
 15942 | D:11     | Killed a manticore
 15986 | D:11     | Noticed a seven-headed hydra
 15993 | D:11     | Killed a seven-headed hydra
 16722 | Lair:1   | Entered Level 1 of the Lair of Beasts
 16813 | Lair:1   | Identified the +8 war axe of Ruination {vorpal, *Rage rF+
                  | Stlth+}
 16948 | Lair:1   | Reached skill level 8 in Axes
 17721 | Lair:1   | Reached XP level 12. HP: 94/103 MP: 12/12
 18035 | Lair:2   | Noticed a four-headed hydra
 18047 | Lair:2   | Killed a four-headed hydra
 18103 | Lair:2   | Reached skill level 9 in Axes
 18753 | Lair:2   | You fall into a shaft and drop 2 floors!
 18757 | Lair:4   | Noticed a five-headed hydra
 18769 | Lair:4   | Killed a five-headed hydra
 19074 | Lair:4   | Noticed a six-headed hydra
 19085 | Lair:4   | Killed a six-headed hydra
 19487 | Lair:3   | Noticed a five-headed hydra
 19498 | Lair:3   | Killed a five-headed hydra
 19514 | Lair:3   | Gained mutation: You are frail. (-10% HP) [Ru sacrifice]
 19514 | Lair:3   | Reached ****** piety under Ru
 19607 | Lair:3   | Found a hole to the Spider Nest.
 19620 | Lair:3   | Reached skill level 10 in Fighting
 20214 | Lair:3   | Noticed a death yak
 20214 | Lair:3   | Noticed a death yak
 20220 | Lair:3   | Killed a death yak
 20221 | Lair:3   | Reached skill level 10 in Axes
 20222 | Lair:3   | Killed a death yak
 21717 | Lair:2   | Found a radiant altar of Vehumet.
 21801 | Lair:2   | Noticed a six-headed hydra
 21805 | Lair:2   | Killed a six-headed hydra
 21974 | Lair:2   | Reached skill level 10 in Armour
 22441 | Lair:2   | Reached XP level 13. HP: 77/103 MP: 13/13
 23157 | Lair:4   | Reached skill level 11 in Axes
 23398 | Lair:4   | Found a staircase to the Shoals.
 23681 | Lair:4   | Reached skill level 12 in Axes
 24392 | Lair:5   | Reached skill level 5 in Shields
 26583 | Lair:5   | Identified the ring "Hirghezin" {Wiz Str+2}
 27064 | Lair:6   | Entered Level 6 of the Lair of Beasts
 27075 | Lair:5   | Reached skill level 10 in Shields
 27387 | Lair:6   | Reached XP level 14. HP: 67/109 MP: 14/14
 27624 | Lair:6   | Reached skill level 13 in Axes
 28052 | Lair:6   | Found a viscous altar of Jiyva.
 28053 | Lair:6   | Found a staircase to the Slime Pits.
 28445 | Lair:6   | Found a runed translucent door.
 29561 | Orc:1    | Entered Level 1 of the Orcish Mines
 29570 | Orc:1    | Reached skill level 14 in Axes
 30179 | Orc:1    | Found Tuugeqek's Distillery.
 30425 | Orc:1    | Bought a potion of heal wounds for 70 gold pieces
 30633 | Orc:1    | Noticed Nergalle
 30650 | Orc:1    | Killed Nergalle
 30923 | Orc:2    | Entered Level 2 of the Orcish Mines
 31444 | Orc:2    | Found a staircase to the Elven Halls.
 33101 | Orc:2    | Found Xiacsoeb's General Store.
 33101 | Orc:2    | Found Ilots's General Store.
 33102 | Orc:2    | Found Katepruh's Book Boutique.
 33106 | Orc:2    | Found Ezuuruth's Assorted Antiques.
 33112 | Orc:2    | Bought a wand of acid (7) for 272 gold pieces
 33112 | Orc:2    | Bought a wand of acid (5) for 272 gold pieces
 33113 | Orc:2    | Bought a scroll of blinking for 112 gold pieces
 33113 | Orc:2    | Bought 3 scrolls of teleportation for 135 gold pieces
 33113 | Orc:2    | Bought a ring of poison resistance for 300 gold pieces
 33116 | Orc:2    | Bought 2 potions of heal wounds for 140 gold pieces
 33116 | Orc:2    | Bought a potion of invisibility for 112 gold pieces
 33116 | Orc:2    | Bought a scroll of teleportation for 42 gold pieces
 33116 | Orc:2    | Bought a scroll of magic mapping for 49 gold pieces
 33122 | Orc:2    | Bought 2 potions of curing for 204 gold pieces
 33558 | D:11     | Reached skill level 1 in Evocations
 33983 | D:12     | Reached XP level 15. HP: 61/92 MP: 6/15
 34710 | D:12     | Reached skill level 5 in Evocations
 35697 | D:12     | Paralysed by a floating eye for 3 turns
 36322 | D:12     | Found a roughly hewn altar of Beogh.
 37129 | D:13     | Noticed Erolcha
 37143 | D:13     | Cast into level 2 of the Abyss (Erolcha)
 37419 | Abyss:2  | Noticed a tentacled starspawn
 37459 | Abyss:2  | Noticed a cacodemon
 37488 | Abyss:2  | HP: 3/77 [cacodemon (13)]
 37509 | Abyss:2  | Killed a cacodemon
 37513 | Abyss:2  | Killed a tentacled starspawn
 37552 | D:13     | Escaped the Abyss
 38107 | D:13     | Found a shimmering blue altar of Sif Muna.
 38395 | D:13     | Killed Erolcha
 38924 | D:13     | You fall into a shaft and drop 1 floor!
 39060 | D:14     | Found a portal to a secret trove of treasure.
 39143 | D:14     | Found Ihovaent's Weapon Boutique.
 39153 | D:14     | Noticed Rupert
 39157 | D:14     | Noticed Nessos
 39157 | D:14     | Noticed Urug
 39158 | D:14     | Found a gate to the Vaults.
 39163 | D:14     | Killed Rupert
 39183 | D:14     | Killed Nessos
 39185 | D:14     | Killed Urug
 40743 | D:15     | Entered Level 15 of the Dungeon
 41234 | D:15     | Reached skill level 10 in Evocations
 41282 | D:15     | Found Ewocs's Assorted Antiques.
 41363 | D:15     | Reached skill level 1 in Throwing
 42547 | D:15     | Reached XP level 16. HP: 122/122 MP: 16/16
 42740 | D:15     | Found a runed translucent door.
 42740 | D:15     | Noticed freelancePsychic's ghost (journeyman DsTm)
 43102 | D:15     | Found a staircase to the Depths.
 43553 | D:14     | Reached skill level 5 in Throwing
 44326 | Shoals:1 | Entered Level 1 of the Shoals
 44485 | Shoals:1 | Noticed Aizul
 44501 | Shoals:1 | Killed Aizul
 45033 | Shoals:1 | Noticed Roxanne
 45139 | Shoals:1 | Killed from afar by Roxanne

Illustrated notes

Levels and vault maps discovered:
D:1:      dpeg_arrival_ratfight, layout_loops_ring, st_stairs_11
D:2:      layout_loops_ring, shapermc_ecumenical_altar_venn,
          chequers_serial_rivers_room_a
D:3:      layout_basic, uniq_terence, uniq_ijyb, uniq_sigmund, uniq_robin
D:4:      layout_gridville, beargit_hepliaklqana_dungeon_heroes,
          mainiacjoe_overflow_small_starburst, minmay_misc_feat_enclosed,
          amcnicky_mini_corridor_feature, uniq_edmund, uniq_natasha
D:5:      layout_loops_ring, trog_wizard, fedhas_altar_3, elyvilon_altar_3,
          serial_bayou_pond_c
D:6:      layout_gridville, lemuel_round_altar, lemuel_round_altar
D:7:      layout_layer_cave, nicolae_overflow_hidden_temple,
          minmay_temple_entry_nine_rooms, fountainhead, minmay_holes
D:8:      layout_layer_cave, lemuel_doored_altar, serial_shops,
          nicolae_shop_behind_doors
D:9:      layout_basic, general_overflow_altar, bloody_makhleb,
          mainiacjoe_overflow_tiny_flanked, lair_entry_dummy
D:10:     layout_basic, orc_0_dummy, lemuel_flamethrower_1, uniq_psyche
D:11:     layout_stronghold
D:12:     kennysheep_seaside_town, layout_rooms, special_room
          [special_room_orc], onia_ninara_cookie
D:13:     layout_basic, led_sif_pool, uniq_erolcha
D:14:     layout_long_grid, david_vaults_3, fountainhead, special_room
          [special_room_mythical_zoo], enter_trove_1, serial_shops,
          nicolae_shop_bloodbath_and_beyond, minivault_12
D:15:     grunt_enter_depths_magical_seal, layout_basic,
          hellmonk_ghost_happy_afterlife, serial_shops,
          nicolae_shop_hallway_plus, st_stairs_7
Lair:1:   layout_loops_ring, serial_bayou, serial_bayou_pond_a,
          serial_bayou_crossing, serial_bayou_ford_a, serial_bayou_lagoon_a,
          serial_bayou_pond_c
Lair:2:   layout_small_grid, gauntlet_entry_generic, basic_altar,
          nicolae_lair_liquid_snakes
Lair:3:   layout_small_grid, spider_nest_entry_rubble, infiniplex_staircase_pool
Lair:4:   layout_gridlike, shoals_dummy_entry
Lair:5:   dreamdust_isle_of_ice, layout_small_grid, infiniplex_staircase_pool_2
Lair:6:   hangedman_lair_in_review, layout_gridlike, wormcave, slime_altar_1,
          ebering_ghost_xom, minmay_lair_drake_nest
Shoals:1: layout_shoals, nicolae_shoals_abyss_on_the_beach, uniq_aizul,
          uniq_roxanne, uniq_frances
Orc:1:    layout_caves, serial_shops, nicolae_shop_hallway_stairs, uniq_nergalle
Orc:2:    st_orc_mages, layout_caves

Skill      XL: |  1  2  3  4  5  6  7  8  9 10 11 12 13 14 15 16 |
---------------+-------------------------------------------------+-----
Polearms       | 1 2 4 3 |  3.8
Axes           | 6 8 7 8 10 12 14 | 14.7
Maces & Flails | 4 8 11 13 | 13.3
Fighting       | 5 8 10 | 10.9
Armour         | 4 8 10 | 10.0
Shields        | 4 10 12 | 12.9
Evocations     | 3 10 | 10.0
Throwing       | 3 7 |  7.4

Action                   |  1- 3 |  4- 6 |  7- 9 | 10-12 | 13-15 | 16-18 || total
-------------------------+-------+-------+-------+-------+-------+-------++-------
Melee: Spear             |   110 |       |       |       |       |       ||   110
       Hand axe          |       |   102 |       |       |       |       ||   102
       Flail             |       |       |   270 |   432 |    74 |       ||   776
       Unarmed           |       |       |       |     5 |       |       ||     5
       War axe           |       |       |       |    16 |       |       ||    16
       Broad axe         |       |       |       |       |   986 |   214 ||  1200
       Demon whip        |       |       |       |       |     7 |       ||     7
Throw: Stone             |    38 |    27 |    78 |    16 |       |       ||   159
       Javelin           |       |       |       |    56 |    27 |       ||    83
Invok: Sacrifice Purity  |     1 |       |       |       |       |       ||     1
       Sacrifice Arcana  |       |       |     1 |       |       |       ||     1
       Sacrifice Skill   |       |       |     1 |       |       |       ||     1
       Sacrifice Nimblen |       |       |       |     1 |       |       ||     1
       Draw Out Power    |       |       |       |     1 |     6 |     1 ||     8
       Sacrifice Stealth |       |       |       |     1 |       |       ||     1
       Apocalypse        |       |       |       |     1 |    12 |     1 ||    14
       Sacrifice Health  |       |       |       |     1 |       |       ||     1
       Power Leap        |       |       |       |       |     4 |       ||     4
Evoke: Wand              |       |       |     3 |    17 |    12 |    13 ||    45
       Phantom mirror    |       |       |       |       |     3 |     1 ||     4
       Box of beasts     |       |       |       |       |     1 |     1 ||     2
  Use: Scroll            |     2 |       |    17 |     7 |    15 |     2 ||    43
       Potion            |       |     2 |       |     2 |    31 |     4 ||    39
 Stab: Distracted        |       |       |     1 |     2 |     5 |     1 ||     9
       Paralysed         |       |       |       |     3 |    27 |     5 ||    35
       Invisible         |       |       |       |     1 |    15 |     3 ||    19
Armor: Scale mail        |    21 |       |       |       |       |       ||    21
       Ring mail         |     4 |     7 |       |       |       |       ||    11
       Chain mail        |       |    45 |    71 |       |       |       ||   116
       Plate armour      |       |       |    90 |   281 |   489 |    69 ||   929
Dodge: Dodged            |    26 |    37 |    58 |   155 |   224 |    28 ||   528
Block: Buckler           |    12 |    21 |    53 |    82 |     6 |       ||   174
       Kite shield       |       |       |       |       |   488 |   117 ||   605
       Reflection        |       |       |       |       |       |     3 ||     3

Table legend: (Time is in decaauts)
 A = Elapsed time spent in this place.
 B = Non-inter-level travel time spent in this place.
 C = Inter-level travel time spent in this place.
 D = Time resting spent in this place.
 E = Time spent auto-exploring this place.
 F = Levels seen in this place.
 G = Mean time per level.
                   A        B        C        D        E       F      G
               +--------+--------+--------+--------+--------+-----+--------+
         Total |  45050 |  43614 |   1436 |  21100 |  15378 |  25 | 1802.0 |
       Dungeon |  27559 |  26659 |    900 |  12831 |   9875 |  15 | 1837.3 |
          Lair |  13152 |  12723 |    429 |   6097 |   4737 |   6 | 2192.0 |
        Shoals |    579 |    572 |      7 |    206 |    106 |   1 |  579.0 |
  Orcish Mines |   3376 |   3277 |     99 |   1950 |    659 |   2 | 1688.0 |
         Abyss |    382 |    382 |      0 |     15 |      0 |   1 |  382.0 |
               +--------+--------+--------+--------+--------+-----+--------+

Top non-repeatable levels by time:
    D:11: 4205 daAuts
  Lair:5: 3239 daAuts
    D:14: 2781 daAuts
     D:8: 2447 daAuts
  Lair:2: 2414 daAuts
    D:15: 2367 daAuts
     D:9: 2253 daAuts
  Lair:6: 2083 daAuts
     D:7: 1866 daAuts
  Lair:4: 1837 daAuts
  Lair:3: 1792 daAuts
  Lair:1: 1784 daAuts
   Orc:2: 1782 daAuts
   Orc:1: 1594 daAuts
     D:5: 1552 daAuts
